 Dungeon Crawl Stone Soup version 0.29.1-12-g30fa7ad0bf (webtiles) character file.

Game seed: 4824985875401565243

5 Lamentation the Trooper (level 1, -5/18 HPs)
             Began as a Demonspawn Abyssal Knight on Jan 7, 2023.
             Was a Follower of Lugonu.
             Slain by a gnoll
             ... wielding a +0 flail
              (7 damage)
             ... on level 1 of the Dungeon.
             The game lasted 00:06:32 (250 turns).

Lamentation the Trooper (Demonspawn Abyssal Knight)  Turns: 250, Time: 00:06:32

Health: -5/18      AC: 12    Str: 13    XL:     1   Next: 66%
Magic:  2/2        EV:  6    Int: 11    God:    Lugonu [*.....]
Gold:   7          SH:  0    Dex: 13    Spells: 0/0 levels left

rFire   . . .      SeeInvis .   a - +1 mace
rCold   . . .      Faith    .   (no shield)
rNeg    . . .      Spirit   .   h - +0 chain mail
rPois   .          Reflect  .   (no helmet)
rElec   .          Harm     .   (no cloak)
rCorr   .          Rampage  .   (no gloves)
Will    .....                   (no boots)
Stlth   ..........              (no amulet)
HPRegen 0.06/turn               c - +4 ring of protection
MPRegen 0.08/turn               (no ring)

@: no status effects
A: no striking features
a: Renounce Religion, Depart the Abyss


You were on level 1 of the Dungeon.
You worshipped Lugonu.
Lugonu was aware of your devotion.
You visited 1 branch of the dungeon, and saw 1 of its levels.
You visited the Abyss 1 time.

You collected 7 gold pieces.

Inventory:

Hand Weapons
 a - a +1 mace (weapon)
Armour
 h - a +0 chain mail (worn)
Jewellery
 c - a +4 ring of protection (left hand)
Scrolls
 d - 3 scrolls of identify {unknown}
 e - a scroll of noise {unknown}
 g - a scroll of amnesia {unknown}
Potions
 f - a potion of cancellation {unknown}


   Skills:
 + Level 3.3 Fighting
 * Level 1.9 Maces & Flails
 + Level 1.7 Armour
 + Level 0.8 Dodging
 + Level 2.4 Invocations


You couldn't memorise any spells.
You didn't know any spells.
Your spell library was empty.

Dungeon Overview and Level Annotations

Branches:
Dungeon (1/15)

Altars:


Message History

You start removing your armour.
You continue taking off your +0 leather armour. x4
You finish taking off your +0 leather armour.
You start putting on your armour.
You continue putting on your +0 chain mail. x5
You finish putting on your +0 chain mail.
You drop a +0 leather armour.
Unknown command.
Found a robe.
A gnoll comes into view. It is wielding a +0 flail.
Found a leather armour.
The gnoll shouts!
You barely miss the gnoll. The gnoll hits you but does no damage.
You hit the gnoll.
The gnoll is lightly wounded.
The gnoll hits you but does no damage.
You barely miss the gnoll.
The gnoll is lightly wounded.
The gnoll hits you with a +0 flail. The gnoll attacks as you move away!
The gnoll hits you but does no damage.
Found a leather armour and a rapier.
The gnoll attacks as you move away! The gnoll hits you with a +0 flail.
A dart slug comes into view.
The gnoll attacks as you move away! The gnoll hits you with a +0 flail!
* * * LOW HITPOINT WARNING * * *
The dart slug bites you but does no damage.
You hit the dart slug but do no damage. The gnoll closely misses you.
The gnoll hits you but does no damage. The dart slug launches a dart at you.
The slug dart hits you but does no damage.
A goblin comes into view. It is wielding a +0 club.
The goblin shouts!
The goblin moves out of view.
The gnoll attacks as you move away! The gnoll barely misses you.
The gnoll attacks as you move away! The gnoll hits you but does no damage.
You see here a +0 robe.
The gnoll attacks as you move away! The gnoll hits you with a +0 flail.
* * * LOW HITPOINT WARNING * * *
The gnoll attacks as you move away! The gnoll hits you with a +0 flail!
You die...

..... .#..[ ...................##
......# ..........#...##......
........ ...#...#..##...##.....#
#......# ......................#
#......# ..........###.#.(..#
#......# #..#..........#.##.#
#......#
#..#..#...###......#######......#
#.......[.......@g..w[g.........#
#..##.#....##.#.##########.....##
#........#.##.#.# #....[..)...
#...#......##.#.# #.##########
#.###.#.#####.#.# #.#
#........####.#.######.###
......#..................#
#####.##.####.#.##########
#####.# .# #.#.#


You could see a gnoll, a dart slug and a goblin.

Vanquished Creatures
  A bat (D:1)
  An endoplasm (D:1)
  2 hobgoblins (D:1)
4 creatures vanquished.

Notes
Turn   | Place    | Note
-------+----------+-------------------------------------------
     0 | Abyss:1  | Lamentation the Demonspawn Abyssal Knight began the quest
                  | for the Orb.
     0 | Abyss:1  | Reached XP level 1. HP: 18/18 MP: 2/2
     2 | D:1      | Escaped the Abyss
    96 | D:1      | Found a faded altar of an unknown god.
   250 | D:1      | Slain by a gnoll

Illustrated notes

Levels and vault maps discovered:
D:1:      dpeg_arrival_shrine, layout_basic, ebering_ecumenical_altar_rust,
          minmay_unequal

Action                   || total
-------------------------++-------
Melee: Mace              ||    13
Invok: Depart the Abyss  ||     1
 Stab: Sleeping          ||     1
Armor: Chain mail        ||     7
       Leather armour    ||     3
Dodge: Dodged            ||     6
